 Dungeon Crawl Stone Soup version 0.21-a0-521-g1cd18d1 (webtiles) character file.

813 pkoi the Martial Artist (level 7, 0/52 HPs)
             Began as a Demonspawn Monk on Dec 6, 2017.
             Slain by an ogre
             ... wielding a +0 giant club
              (16 damage)
             ... on level 5 of the Dungeon.
             The game lasted 00:05:40 (4739 turns).

pkoi the Martial Artist (Demonspawn Monk)           Turns: 4739, Time: 00:05:41

Health: 0/52       AC:  3    Str: 11    XL:     7   Next: 61%
Magic:  7/7        EV: 13    Int: 13    God:
Gold:   176        SH:  0    Dex: 16    Spells: 6/6 levels left

rFire    . . .     SeeInvis .     - Unarmed
rCold    . . .     Gourm    .   (no shield)
rNeg     . . .     Faith    .   v - +0 robe
rPois    .         Spirit   .   (no helmet)
rElec    .         Reflect  .   (no cloak)
rCorr    .         Harm     .   (no gloves)
MR       .....                  (no boots)
Stlth    ++........             (no amulet)
HPRegen  0.17/turn              f - +1 ring of protection
MPRegen  0.10/turn              (no ring)

@: lethally poisoned (0 -> -3)
A: talons 2, demonic guardian 2
a: no special abilities


You were on level 5 of the Dungeon.
You were not hungry.

You visited 1 branch of the dungeon, and saw 5 of its levels.

You collected 176 gold pieces.

Inventory:

Armour
 v - a +0 robe (worn)
Jewellery
 a - an uncursed ring of see invisible
 f - a +1 ring of protection (left hand)
 t - an uncursed ring of protection from cold {unknown}
Wands
 n - a wand of digging (32)
Scrolls
 c - 2 scrolls of immolation {unknown}
 d - 5 scrolls of identify {unknown}
 l - a scroll of amnesia {unknown}
 s - a scroll of teleportation
Potions
 e - a potion of flight {unknown}
 j - a potion of might {unknown}
 k - 4 potions of haste {unknown}
 m - 2 potions of curing {unknown}
 o - 3 potions of heal wounds {unknown}
 p - 2 potions of agility {unknown}
 r - a potion of ambrosia {unknown}
Comestibles
 b - 6 bread rations
 g - 3 meat rations
 h - 4 chunks of flesh
 i - a royal jelly
 q - 5 fruits


   Skills:
 + Level 3.3 Fighting
 + Level 3.0 Dodging
 - Level 1.7 Stealth
 + Level 8.1 Unarmed Combat


You had 6 spell levels left.
You didn't know any spells.

Dungeon Overview and Level Annotations

Branches:
Dungeon (5/15)
 Temple: D:4-7

Altars:
Fedhas
Uskayaw
Wu Jian

Annotations:
D:3 Sigmund


Innate Abilities, Weirdness & Mutations

You have razor-sharp toenails.
A demonic guardian rushes to your aid.


Message History

You claw the worker ant. You punch the worker ant.
You kill the worker ant!
Your Dodging skill increases to level 3!
You feel sick.
The centaur wields a shortbow.
The centaur shoots an arrow.
The arrow completely misses you.
You feel sick.
Found 12 stones.
You see here a worker ant corpse.
The centaur shoots an arrow.
The arrow hits you! The ogre misses you.
You see here an arrow.
You barely miss the ogre. You claw the ogre.
The ogre is lightly wounded.
You feel sick.
The centaur shoots an arrow.
The arrow hits you!
* * * LOW HITPOINT WARNING * * *
The centaur shoots an arrow.
The arrow hits you!
* * * LOW HITPOINT WARNING * * *
You hit the ogre.
The ogre is moderately wounded.
The ogre hits you with a giant club!
You die...

#### #.. #.#
#########
#####.###3c......
#....(..†.O.....#
#.####.##@#####.
#.# #.##.# #.#
#.##(. ####.#
#.###.# #....#
#.# .# #.#### #.#
.# #.# #.# .# #.#
.. #.#


You could see an ogre, a centaur and a friendly soul eater.

Vanquished Creatures
  2 sky beasts
  A centaur (D:5)
  A scorpion (D:5)
  A howler monkey (D:4)
  A hound (D:5)
  2 orc wizards (D:5)
  2 centaur skeletons
  Ijyb (D:3)
  2 worker ants
  A hound zombie (D:5)
  5 adders
  3 leopard geckos
  7 orcs
  2 ball pythons
  7 bats
  3 giant cockroaches
  15 goblins
  6 hobgoblins
  5 jackals
  A quokka (D:4)
  4 frilled lizards
  11 kobolds
  A quokka skeleton (D:4)
  5 rats
89 creatures vanquished.

Vanquished Creatures (collateral kills)
  Grinder (D:4)
  A black bear (D:5)
  Terence (D:2)
  An orc (D:4)
4 creatures vanquished.

Grand Total: 93 creatures vanquished

Notes
Turn   | Place    | Note
-------+----------+-------------------------------------------
     0 | D:1      | pkoi the Demonspawn Monk began the quest for the Orb.
     0 | D:1      | Reached XP level 1. HP: 18/18 MP: 1/1
    78 | D:1      | Reached skill level 3 in Unarmed Combat
   124 | D:1      | Gained mutation: You have sharp toenails. [demonic ancestry]
   124 | D:1      | Reached XP level 2. HP: 8/24 MP: 2/2
   957 | D:1      | Gained mutation: A weak demonic guardian rushes to your aid. [demonic ancestry]
   957 | D:1      | Reached XP level 3. HP: 27/29 MP: 3/3
  1149 | D:2      | Reached skill level 4 in Unarmed Combat
  1552 | D:2      | Found a faded altar of an unknown god.
  1610 | D:2      | Found a blossoming altar of Fedhas.
  1610 | D:2      | Noticed Terence
  1630 | D:2      | Killed Terence
  1630 | D:2      | Gained mutation: A demonic guardian rushes to your aid. [demonic ancestry]
  1630 | D:2      | Reached XP level 4. HP: 33/35 MP: 4/4
  1750 | D:2      | You fall through a shaft!
  2153 | D:2      | Noticed a sky beast
  2164 | D:2      | Killed a sky beast
  2164 | D:2      | Reached skill level 5 in Unarmed Combat
  2164 | D:2      | Gained mutation: You have razor-sharp toenails. [demonic ancestry]
  2164 | D:2      | Reached XP level 5. HP: 24/41 MP: 5/5
  2505 | D:3      | Found a hide-covered altar of Uskayaw.
  2601 | D:3      | Noticed Ijyb
  2686 | D:3      | Killed Ijyb
  2795 | D:3      | Noticed Sigmund
  3037 | D:4      | Reached skill level 6 in Unarmed Combat
  3151 | D:4      | Found an ornate altar of the Wu Jian Council.
  3265 | D:4      | Reached XP level 6. HP: 30/47 MP: 6/6
  3515 | D:4      | Noticed Grinder
  3521 | D:4      | Killed Grinder
  3672 | D:5      | Entered Level 5 of the Dungeon
  3924 | D:5      | Reached skill level 7 in Unarmed Combat
  4025 | D:5      | Noticed a sky beast
  4033 | D:5      | Killed a sky beast
  4033 | D:5      | Reached XP level 7. HP: 34/52 MP: 7/7
  4508 | D:5      | Reached skill level 8 in Unarmed Combat
  4739 | D:5      | Slain by an ogre

Vault maps used:
D:1:      moated_graveyard_arrival, minmay_pentomino_u4
D:2:      chequers_ecumenical_altar_lobes, first_bread, fedhas_altar_fruit_tree,
          uniq_terence
D:3:      kennysheep_the_goblin_king, lemuel_crystal_altar, uniq_sigmund
D:4:      lemuel_doored_altar, uniq_grinder
D:5:      uniq_pikel

Skill      XL: |  1  2  3  4  5  6  7 |
---------------+----------------------+-----
Unarmed Combat | 3 4 5 6 7 8 |  8.1
Dodging        | 3 |  3.0
Fighting       | |  3.3
Stealth        | |  1.7

Action                   |  1- 3 |  4- 6 |  7- 9 || total
-------------------------+-------+-------+-------++-------
Melee: Unarmed           |   131 |   128 |    53 ||   312
       Punch             |     1 |     5 |     2 ||     8
       Kick              |    20 |    23 |    14 ||    57
  Use: Scroll            |       |     5 |       ||     5
 Stab: Sleeping          |     4 |     5 |       ||     9
       Distracted        |       |     1 |       ||     1
  Eat: Chunk             |     2 |     8 |     2 ||    12
Armor: Robe              |    22 |    17 |     7 ||    46
Dodge: Dodged            |    84 |    52 |    27 ||   163

Table legend:
 A = Spawn XP
 B = Non-spawn XP
 C = Spawn XP percentage of total XP
 D = Spawn monster count
 E = Non-spawn monster count
 F = Spawn count percentage of total count
 G = Total turns spent on level
                    A         B        C        D         E        F      G
               +---------+---------+-------+---------+---------+-------+---------
         Total |       0 |    1162 |   0.0 |       0 |      93 |   0.0 |  4739
               +---------+---------+-------+---------+---------+-------+---------
           D:1 |       0 |      41 |   0.0 |       0 |      24 |   0.0 |  1135
           D:2 |       0 |     140 |   0.0 |       0 |      25 |   0.0 |   908
           D:3 |       0 |      71 |   0.0 |       0 |      15 |   0.0 |   802
           D:4 |       0 |     307 |   0.0 |       0 |      14 |   0.0 |   827
           D:5 |       0 |     603 |   0.0 |       0 |      15 |   0.0 |  1067
               +---------+---------+-------+---------+---------+-------+---------
